 Dungeon Crawl Stone Soup version 0.16-a0-3943-gb4b81e6 (webtiles) character file.

46 timbw the Insei (level 3, 1/26 HPs)
             Began as a Human Transmuter on Feb 8, 2015.
             Quit the game on level 4 of the Dungeon.
             The game lasted 00:02:57 (1028 turns).

timbw the Insei (Human Transmuter)                  Turns: 1028, Time: 00:02:58

Health: 1/26       AC:  2    Str: 10    XL:     3   Next: 95%
Magic:  6/6        EV: 12    Int: 18    God:
Gold:   45         SH:  0    Dex: 14    Spells: 2 memorised, 2 levels left

rFire  . . .     SeeInvis .       - Unarmed
rCold  . . .     Clarity  .     c - +0 robe
rNeg   . . .     SustAb   .     (no shield)
rPois  .         Gourm    .     (no helmet)
rElec  .         Spirit   .     (no cloak)
rCorr  .         Warding  .     (no gloves)
rMut   .         Stasis   .     (no boots)
MR     .....                    (no amulet)
Stlth  +.........               (no ring)
                                (no ring)

@: brilliant, lethally poisoned (1 -> -3), not resistant to hostile
enchantments, very unstealthy
A: no striking features
a: no special abilities


You were on level 4 of the Dungeon.
You were not hungry.

You visited 1 branch of the dungeon, and saw 5 of its levels.

You collected 45 gold pieces.

Inventory:

Missiles
 b - 12 arrows
 h - 17 poisoned needles
Armour
 c - a +0 robe (worn)
 j - a +0 shield
 m - a +0 leather armour
Scrolls
 e - a scroll of amnesia {unknown}
Books
 d - a book of Changes

   Spells                             Type                      Level
   a - Beastly Appendage              Transmutation                1
   b - Sticks to Snakes               Transmutation                2
   c - Spider Form                    Transmutation/Poison         3
   d - Ice Form                       Ice/Transmutation            4
   e - Blade Hands                    Transmutation                5
 k - a Young Poisoner's Handbook

   Spells                             Type                      Level
   a - Sting                          Conjuration/Poison           1
   b - Cure Poison                    Poison                       2
   c - Mephitic Cloud                 Conjuration/Poison/Air       3
   d - Olgreb's Toxic Radiance        Poison                       4
   e - Venom Bolt                     Conjuration/Poison           5
Comestibles
 a - 4 bread rations
 f - 2 meat rations
 g - a chunk of flesh
 l - a beef jerky


   Skills:
 - Level 1.0 Fighting
 - Level 2.0 Dodging
 + Level 4.2 Unarmed Combat
 - Level 2.0 Spellcasting
 + Level 2.6 Transmutations


You had 2 spell levels left.
You knew the following spells:

 Your Spells              Type           Power        Failure   Level  Hunger
a - Beastly Appendage     Trmt           ###...       1%          1    #......
b - Spider Form           Trmt/Pois      ###.......   4%          3    ###....


Dungeon Overview and Level Annotations

Branches:
Dungeon (5/15)
 Temple: D:4-7

Altars:

Annotations:
D:4 Pikel


Message History

The adder is almost dead.
The adder barely misses you.
You hit the adder but do no damage.
The adder is almost dead.
* * * LOW HITPOINT WARNING * * *
You feel sick. The adder closely misses you. The adder closely misses you.
Unknown command.
Drink which item? (? for menu, Esc to quit)
It was a potion of brilliance.
You feel clever all of a sudden. The adder barely misses you.
You hit the adder.
You kill the adder!
* * * LOW HITPOINT WARNING * * *
You feel sick.
Unknown command.
Found 15 gold pieces.
* * * LOW HITPOINT WARNING * * *
You feel sick.
Are you sure you want to abandon this character and quit the game? (Confirm with "yes".)

##............
...#.>..........<.
....##...........#.
#....###............
.....#.###.........#
........##.##...####
........##.##...#
........)##.##...#
#.......@...######
.$#....###..# #...
#..# .... #..# ##.
#..# # #..# #..#
#..# #...


There were no monsters in sight!

Vanquished Creatures
  2 adders
  A giant mite (D:3)
  A giant cockroach (D:3)
  2 hobgoblins
  3 jackals
  A kobold (D:3)
  A quokka (D:2)
  3 bats
  4 goblins
  2 rats
20 creatures vanquished.

Notes
Turn   | Place    | Note
--------------------------------------------------------------
     0 | D:1      | timbw, the Human Transmuter, began the quest for the Orb.
     0 | D:1      | Reached XP level 1. HP: 15/15 MP: 3/3
   105 | D:2      | Reached XP level 2. HP: 18/21 MP: 2/4
   309 | D:3      | Reached skill level 4 in Unarmed Combat
   309 | D:3      | Reached XP level 3. HP: 14/26 MP: 4/6
   316 | D:3      | Learned a level 3 spell: Spider Form
   620 | D:4      | Noticed Pikel
   620 | D:4      | Noticed a slave
   620 | D:4      | Noticed a slave
   622 | D:4      | Noticed a slave
   625 | D:5      | Entered Level 5 of the Dungeon
  1027 | D:4      | HP: 1/26 [poisoned by an adder]
  1028 | D:4      | Quit the game

Action                   || total
-------------------------++-------
Melee: Unarmed           ||   110
 Cast: Beastly Appendage ||    10
       Spider Form       ||     1
  Use: Potion            ||     1
  Eat: Chunk             ||     1
